 Dungeon Crawl Stone Soup version 0.17-a0-1368-g6ab37f2 (webtiles) character file.

74 bal the Firebug (level 4, -2/30 HPs)
             Began as a Demonspawn Fire Elementalist on June 10, 2015.
             Slain by a gnoll
             ... wielding a +0 flail
              (5 damage)
             ... on level 2 of the Dungeon on June 12, 2015.
             The game lasted 00:08:49 (1400 turns).

bal the Firebug (Demonspawn Fire Elementalist)      Turns: 1400, Time: 00:08:49

Health: -2/30      AC:  3    Str:  8    XL:     4   Next: 9%
Magic:  4/8        EV: 13    Int: 17    God:
Gold:   75         SH:  0    Dex: 14    Spells: 2 memorised, 5 levels left

rFire  . . .     SeeInvis .     l - +1 dagger
rCold  . . .     Clarity  .     a - +0 robe
rNeg   . . .     SustAt   .     (no shield)
rPois  .         Gourm    .     (helmet restricted)
rElec  .         Spirit   .     (no cloak)
rCorr  .         Warding  .     (no gloves)
rMut   .         Stasis   .     d - +0 pair of boots
MR     .....                    (no amulet)
Stlth  ++........               (no ring)
                                (no ring)

@: not resistant to hostile enchantments, unstealthy
A: antennae 1
a: no special abilities


You were on level 2 of the Dungeon.
You were not hungry.

You visited 1 branch of the dungeon, and saw 2 of its levels.

You collected 75 gold pieces.

Inventory:

Hand weapons
 l - a +1 dagger (weapon)
Armour
 a - a +0 robe (worn)
 d - a +0 pair of boots (worn)
Scrolls
 e - a scroll of magic mapping
 f - a scroll of fear {unknown}
Potions
 h - a potion of flight
Books
 b - a book of Flames

   Spells                             Type                      Level
   a - Flame Tongue                   Conjuration/Fire             1
   b - Throw Flame                    Conjuration/Fire             2
   c - Conjure Flame                  Conjuration/Fire             3
   d - Inner Flame                    Hexes/Fire                   3
   e - Sticky Flame                   Conjuration/Fire             4
   f - Fireball                       Conjuration/Fire             5
Comestibles
 c - 2 bread rations
 g - 2 chunks of flesh


   Skills:
 + Level 0.2 Fighting
 + Level 2.5 Dodging
 + Level 2.1 Stealth
 + Level 2.6 Spellcasting
 + Level 1.6 Conjurations
 + Level 3.1 Fire Magic


You had 5 spell levels left.
You knew the following spells:

 Your Spells              Type           Power        Failure   Level  Hunger
a - Flame Tongue          Conj/Fire      ##...        10%         1    #......
b - Throw Flame           Conj/Fire      ##....       12%         2    ##.....


Dungeon Overview and Level Annotations

Branches:
Dungeon (2/15)

Altars:


Innate Abilities, Weirdness & Mutations

You have a pair of small antennae on your head.


Message History

Aim: a gnoll, wielding a flail (heavily wounded)
The flame tongue hits the gnoll.
The gnoll is heavily wounded.
The gnoll barely misses you.
You hit the gnoll but do no damage.
The gnoll is heavily wounded.
The gnoll hits you with a flail!
* * * LOW HITPOINT WARNING * * *
You hit the gnoll but do no damage.
The gnoll is heavily wounded.
The gnoll closely misses you.
Casting: Flame Tongue
Confirm with . or Enter, or press ? or * to list all spells.
Aiming: Flame Tongue
Press: ? - help, Shift-Dir - straight line, f/p - gnoll
Aim: a gnoll, wielding a flail (heavily wounded)
The flame tongue hits the gnoll.
The gnoll is severely wounded.
The gnoll hits you with a flail.
You die...

* *,*,* #.# ####..##.#### *
*,*+**** ### #......#.# *
*,,,,,,* #.##...#.#
*,,,,*.######* #^##...#.#
***,,,,,.......######.##...#.#
,,*,,,,,.......#..)........#.##
*,*****,.g.....#.####.##......#
*,** *,.g.....#..........#####
,,,* *,.......#@#.##.###.######
,,,* ***#......g#.##.#........#
,*,* #.#.###.#....#........#
,*,* *,*,,,..######(.......#
,*,* *,*,,..r.,,* #........#
,*,*******,*,###.##,**#........#
,*,,,,,,,,,,,,,...,,,*#........#
**,,****,*,,,**..#*,**##########
**,,****,*,,,**...,,*


You could see a gnoll and a rat.

Vanquished Creatures
  3 adders (D:2)
  2 gnolls (D:2)
  2 giant geckos
  A ball python (D:2)
  4 bats (D:1)
  A giant cockroach (D:1)
  3 hobgoblins (D:1)
  5 kobolds
  A giant newt (D:1)
  3 goblins
  3 rats
28 creatures vanquished.

Notes
Turn   | Place    | Note
--------------------------------------------------------------
     0 | D:1      | bal the Demonspawn Fire Elementalist began the quest for the Orb.
     0 | D:1      | Reached XP level 1. HP: 13/13 MP: 3/3
   186 | D:1      | Reached skill level 3 in Fire Magic
   307 | D:1      | Upgraded the game from 0.17-a0-1337-ge651487 to 0.17-a0-1360-g37db002
   315 | D:1      | Gained mutation: You have a pair of small antennae on your head. [demonic ancestry]
   315 | D:1      | Reached XP level 2. HP: 4/19 MP: 0/5
   319 | D:1      | Upgraded the game from 0.17-a0-1360-g37db002 to 0.17-a0-1368-g6ab37f2
   387 | D:1      | Learned a level 2 spell: Throw Flame
  1012 | D:2      | Reached XP level 3. HP: 22/24 MP: 0/6
  1276 | D:2      | Reached XP level 4. HP: 5/30 MP: 2/8
  1400 | D:2      | Slain by a gnoll

Vault maps used:
D:1:      evilmike_arrival_hilbert_curve, minmay_misc_feat_encased,
          minmay_cut_off
D:2:      yredelemnul_altar_generic

Action                   |  1- 3 |  4- 6 || total
-------------------------+-------+-------++-------
Melee: Unarmed           |    11 |       ||    11
       Dagger            |    16 |     2 ||    18
 Cast: Flame Tongue      |    40 |     5 ||    45
       Throw Flame       |     1 |       ||     1
  Use: Potion            |     4 |       ||     4
       Scroll            |     4 |       ||     4
 Stab: Sleeping          |     1 |       ||     1
  Eat: Chunk             |     2 |       ||     2
